 Dungeon Crawl Stone Soup version 0.31-a0-636-ge1c0e020e0 (webtiles) character file.

Game seed: 3212288362087125907

346 AtlasWard the Chopper (level 6, 0/56 HPs)
             Began as a Draconian Monk on Aug 26, 2023.
             Was an Initiate of Gozag.
             Slain by an orc
             ... wielding a +0 hand axe
              (4 damage)
             ... on level 5 of the Dungeon.
             The game lasted 00:04:09 (2544 turns).

AtlasWard the Chopper (Draconian Monk)              Turns: 2544, Time: 00:04:10

Health: 0/56       AC:  6    Str: 15    XL:     6   Next: 32%
Magic:  6/6        EV: 12    Int: 11    God:    Gozag
Gold:   230        SH:  0    Dex: 13    Spells: 5/5 levels left

rFire   . . .        h - +3 whip (vamp)
rCold   . . .        c - orb {light}
rNeg    . . .        (body armour unavailable)
rPois   .            (helmet restricted)
rElec   .            (no cloak)
rCorr   .            (no gloves)
SInv    .            (no boots)
Will    .....        (no amulet)
Stlth   +            (no ring)
HPRegen 0.29/turn    (no ring)
MPRegen 0.10/turn

%: no passive effects
@: gold aura, glowing
A: AC +6, unfitting armour, cold-blooded
a: Renounce Religion, Potion Petition, Call Merchant, Bribe Branch


You were on level 5 of the Dungeon.
You worshipped Gozag.
Gozag was aware of your devotion.
You visited 1 branch of the dungeon, and saw 5 of its levels.

You collected 230 gold pieces.

Inventory:

Hand Weapons
 a - a +0 hand axe
 g - a +0 war axe
 h - a +3 vampiric whip (weapon)
 n - a +0 morningstar
Armour
 c - an orb of light (worn)
Jewellery
 o - an amulet of reflection
 p - a +6 ring of intelligence
Wands
 m - a wand of flame (23)
Scrolls
 d - a scroll of torment {unknown}
 e - a scroll of immolation {unknown}
 j - 2 scrolls of identify {unknown}
 k - 2 scrolls of brand weapon {unknown}
 q - a scroll of fear {unknown}
 r - a scroll of amnesia {unknown}
 s - 3 scrolls of poison {unknown}
 t - a scroll of fog {unknown}
Potions
 b - a potion of ambrosia
 f - 2 potions of curing {unknown}
 i - 2 potions of enlightenment {unknown}
 l - a potion of berserk rage {unknown}


   Skills:
 + Level 5.2 Fighting
 - Level 5.2(5.6) Axes
 * Level 2.6(4.3) Maces & Flails
 - Level 2.6 Dodging


You had 5 spell levels left.
You didn't know any spells.
Your spell library contained the following spells:

 Spells                   Type           Power      Damage    Failure   Level
 Ensorcelled Hibernation  Hex/Ice        0%         N/A       47%         2
 Anguish                  Hex/Necr       0%         N/A       98%         4


Dungeon Overview and Level Annotations

Branches:
Dungeon (5/15)
 Temple: D:4-7

Altars:
Gozag
Hepliaklqana

Shops:
D:4 =


Innate Abilities, Weirdness & Mutations

Your plain brown scales are hard. (AC +6)
You cannot fit into any form of body armour.
You are cold-blooded and may be slowed by cold attacks.


Message History

The orc priest hits you from afar with a +0 trident.
Unknown command.
You are too injured to fight recklessly!
Unknown command.
You are too injured to fight recklessly!
Unknown command.
You are too injured to fight recklessly!
Unknown command.
You are too injured to fight recklessly!
Unknown command.
You are too injured to fight recklessly!
Unknown command.
You are too injured to fight recklessly!
Unknown command.
You are too injured to fight recklessly!
You hit the iguana.
You kill the iguana!
The orc priest hits you from afar with a +0 trident.
Found a leather armour.
The orc priest hits you with a +0 trident.
* * * LOW HITPOINT WARNING * * *
You completely miss the orc priest. You barely miss the orc priest.
The orc priest hits you with a +0 trident.
* * * LOW HITPOINT WARNING * * *
You hit the orc priest.
The orc priest is lightly wounded.
The orc priest hits you with a +0 trident!
* * * LOW HITPOINT WARNING * * *
You whack the orc priest!
You feel better.
The orc priest is severely wounded.
The orc closely misses you. The orc priest misses you.
You hit the orc priest.
The orc priest is almost dead.
The orc priest calls down the wrath of Beogh upon you.
Pain shoots through your body!
* * * LOW HITPOINT WARNING * * *
The orc hits you with a +0 hand axe.
You die...
Your body crumbles into a pile of gold.

...##.....#
...##.....##...[ .#
...##.....##....## .#
...##......#...<.# ..#
...........#..<..# ..#
...##.....##....# ...#
...##.....##>...##...#
...##......#.....o...#
...##......#....@o...#
...........'....$.$..#
...........#...%.....#
...........#.........#
######################


You could see an orc priest and an orc.

Vanquished Creatures
  A phantom (D:4)
  A hound (D:4)
  Ijyb (D:3)
  2 iguanas
  Robin (D:2)
  6 gnolls (D:3)
  2 adders (D:2)
  2 worms (D:3)
  7 orcs
  5 bats
  4 endoplasms
  A giant cockroach (D:1)
  17 goblins
  9 hobgoblins
  A quokka (D:1)
  3 ball pythons
  3 frilled lizards
  3 kobolds
  4 rats
73 creatures vanquished.

Notes
Turn   | Place    | Note
-------+----------+-------------------------------------------
     0 | D:1      | AtlasWard the Draconian Monk began the quest for the Orb.
     0 | D:1      | Reached XP level 1. HP: 19/19 MP: 1/1
   135 | D:1      | Reached XP level 2. HP: 26/26 MP: 2/2
   423 | D:2      | Noticed Robin
   425 | D:2      | Reached XP level 3. HP: 33/33 MP: 3/3
   461 | D:2      | Killed Robin
   812 | D:2      | Reached XP level 4. HP: 40/40 MP: 4/4
  1119 | D:3      | Noticed Ijyb
  1137 | D:3      | Killed Ijyb
  1245 | D:3      | Found a hazy altar of Hepliaklqana.
  1324 | D:3      | Reached skill level 5 in Axes
  1324 | D:3      | Reached XP level 5. HP: 31/47 MP: 5/5
  1911 | D:4      | Reached skill level 1 in Maces & Flails
  1978 | D:4      | Found Jicsuy's Jewellery Emporium.
  2041 | D:4      | Found an opulent altar of Gozag.
  2075 | D:4      | Noticed a phantom
  2086 | D:4      | Killed a phantom
  2087 | D:4      | Reached skill level 5 in Fighting
  2087 | D:4      | Reached XP level 6. HP: 33/56 MP: 6/6
  2467 | D:4      | Became a worshipper of Gozag Ym Sagoz the Greedy
  2480 | D:5      | Entered Level 5 of the Dungeon
  2544 | D:5      | Slain by an orc

Illustrated notes

Levels and vault maps discovered:
D:1:      dpeg_arrival_tiny_d, layout_rooms
D:2:      layout_basic, uniq_robin
D:3:      layout_basic, mainiacjoe_overflow_surrounded_room,
          kennysheep_generic_room_12, uniq_ijyb
D:4:      layout_cave_pods, overflow_temple_1_default, serial_shops, shop
D:5:      layout_gridville, zin_treasury, minmay_temple_entry_poolview,
          uniq_edmund

Skill      XL: |  1  2  3  4  5 |
---------------+----------------+-----
Axes           | 4 5 |  5.2
Fighting       | 4 5 |  5.2
Maces & Flails | 2 |  2.6
Dodging        | |  2.6

Action                     |  1- 3 |  4- 6 || total
---------------------------+-------+-------++-------
  Melee: Hand axe          |    60 |       ||    60
         Tailslap          |    11 |    15 ||    26
         Whip              |    22 |   126 ||   148
 Armour: Skin              |    23 |    25 ||    48
  Dodge: Dodged            |    58 |    70 ||   128

Table legend: (Time is in decaauts)
 A = Elapsed time spent in this place.
 B = Non-inter-level travel time spent in this place.
 C = Inter-level travel time spent in this place.
 D = Time resting spent in this place.
 E = Time spent auto-exploring this place.
 F = Levels seen in this place.
 G = Mean time per level.
                   A        B        C        D        E       F      G
               +--------+--------+--------+--------+--------+-----+--------+
         Total |   2544 |   2400 |    144 |      0 |   1959 |   5 |  508.8 |
       Dungeon |   2544 |   2400 |    144 |      0 |   1959 |   5 |  508.8 |
               +--------+--------+--------+--------+--------+-----+--------+

Top non-repeatable levels by time:
     D:3: 843 daAuts
     D:4: 766 daAuts
     D:2: 528 daAuts
     D:1: 344 daAuts
     D:5: 62 daAuts
